 Dungeon Crawl Stone Soup version 0.24-a0-136-gad582e5 (webtiles) character file.

Game seed: 2709868084679848046

45 Inarius the Gusty (level 3, -1/19 HPs)
             Began as a Kobold Air Elementalist on Feb 28, 2019.
             Slain by a gnoll
             ... wielding a cursed -2 halberd
              (8 damage)
             ... on level 2 of the Dungeon.
             The game lasted 00:03:11 (1309 turns).

Inarius the Gusty (Kobold Air Elementalist)         Turns: 1309, Time: 00:03:12

Health: -1/19      AC:  3    Str:  5    XL:     3   Next: 90%
Magic:  1/6        EV:  8    Int: 17    God:
Gold:   55         SH:  0    Dex: 15    Spells: 6/7 levels left

rFire    . . .     SeeInvis .   e - +0 short sword
rCold    . . .     Gourm    .   (shield restricted)
rNeg     . . .     Faith    .   a - +0 robe
rPois    .         Spirit   .   j - +0 helmet
rElec    .         Reflect  .   (no cloak)
rCorr    .         Harm     .   (no gloves)
MR       .....                  (no boots)
Stlth    ++........             (no amulet)
HPRegen  0.06/turn              (no ring)
MPRegen  0.10/turn              (no ring)

@: held
A: small, carnivore
a: no special abilities


You were on level 2 of the Dungeon.
You were completely stuffed.

You visited 1 branch of the dungeon, and saw 2 of its levels.

You collected 55 gold pieces.

Inventory:

Hand Weapons
 e - a +0 short sword (weapon)
Armour
 a - a +0 robe (worn)
 j - a +0 helmet (worn)
Scrolls
 b - 2 scrolls of remove curse {unknown}
 d - 3 scrolls of teleportation {unknown}
 g - a scroll of immolation {unknown}
 n - a scroll of identify {unknown}
Potions
 f - a potion of haste
 h - a potion of agility {unknown}
 i - a potion of curing {unknown}
 k - 2 potions of heal wounds {unknown}
 l - a potion of cancellation {unknown}
 m - a potion of berserk rage {unknown}
Comestibles
 c - 4 rations
 o - 4 chunks of flesh


   Skills:
 + Level 0.3 Short Blades
 + Level 2.4 Dodging
 + Level 3.0 Stealth
 + Level 2.5 Spellcasting
 * Level 1.9 Conjurations
 * Level 3.7 Air Magic


You had 6 spell levels left.
You knew the following spells:

 Your Spells              Type           Power        Failure   Level  Hunger
a - Shock                 Conj/Air       ##..         6%          1    #......

Your spell library contained the following spells:

 Spells                   Type           Power        Failure   Level  Hunger
 Swiftness                Chrm/Air       #.......     13%         2    ##.....
 Static Discharge         Conj/Air       ##......     17%         3    ###....
 Airstrike                Air            ###.......   36%         4    #####..
 Lightning Bolt           Conj/Air       ##........   85%         5    ######.


Dungeon Overview and Level Annotations

Branches:
Dungeon (2/15)

Altars:


Innate Abilities, Weirdness & Mutations

You are small and have problems with some larger weapons.
You are carnivorous and can eat meat at any time.


Message History

Unknown command.
Casting: Shock (safe; 6% risk of failure)
Confirm with . or Enter, or press ? or * to list all spells.
You don't have enough magic to cast that spell.
Unknown command.
The gnoll barely misses you.
There is a stone staircase leading down here.
The gnoll shouts!
The gnoll shouts!
The gnoll throws a throwing net.
The throwing net hits you.
You become entangled in the net!
You see here a throwing net.
You struggle against the net.
You struggle against the net.
You struggle against the net.
The gnoll hits you from afar with a +0 spear!
You struggle against the net.
The gnoll closely misses you.
You struggle against the net.
The gnoll barely misses you.
The gnoll hits you from afar with a cursed -2 halberd!
You die...

##....# #....#.# #.##.####
#...##.# #.##....#
###..###.#
#.#####.####........# #.#
#...<....####.# #.#
##........###.# #.##
##....##...##.#
#..####..##....#..#.#
##.##.@..##.#####...#
#.>g.......# ###.#
######.##gg.....#######.#
#......#........>.......#
#.....(#..........#####÷###
#....#............÷÷.......
#....#?#.s...)...###.......
######.#.........# #######.
#†..........# #####.


You could see 3 gnolls and a giant cockroach (wandering).

Vanquished Creatures
  An adder (D:2)
  An ooze (D:1)
  A worm (D:2)
  2 leopard geckos (D:2)
  2 giant cockroaches (D:2)
  3 goblins (D:1)
  4 hobgoblins
  6 bats
  2 frilled lizards (D:1)
  4 kobolds (D:1)
  2 rats
28 creatures vanquished.

Notes
Turn   | Place    | Note
-------+----------+-------------------------------------------
     0 | D:1      | Inarius the Kobold Air Elementalist began the quest for the
                  | Orb.
     0 | D:1      | Reached XP level 1. HP: 10/10 MP: 3/3
   304 | D:1      | Reached XP level 2. HP: 15/15 MP: 1/5
   901 | D:1      | Reached XP level 3. HP: 19/19 MP: 4/6
  1309 | D:2      | Slain by a gnoll

Levels and vault maps discovered:
D:1:      tarquinn_simple_flora_water_c, layout_basic
D:2:      minmay_razor_zed, layout_rooms, lemuel_tele_altar

Skill      XL: |  1  2  3 |
---------------+----------+-----
Stealth        | 3 |  3.0
Short Blades   | |  0.3
Dodging        | |  2.4
Spellcasting   | |  2.5
Conjurations   | |  1.9
Air Magic      | |  3.7

Action                   || total
-------------------------++-------
Melee: Short sword       ||    23
 Cast: Shock             ||    52
  Eat: Chunk             ||    10
Armor: Robe              ||     3
Dodge: Dodged            ||    19

Table legend:
 A = Non-vault XP
 B = Vault XP
 C = Vault XP percentage of total XP
 D = Non-vault monster count
 E = Vault monster count
 F = Vault count percentage of total count
                 A         B        C        D         E       F
            +---------+---------+-------+---------+---------+-------
      Total |      65 |       0 |   0.0 |      28 |       0 |   0.0
            +---------+---------+-------+---------+---------+-------
        D:1 |      30 |       0 |   0.0 |      17 |       0 |   0.0
        D:2 |      35 |       0 |   0.0 |      11 |       0 |   0.0
            +---------+---------+-------+---------+---------+-------
